 Dungeon Crawl Stone Soup version 0.26-a0-658-gbdda728c12 (webtiles) character file.

Game seed: 15840411676671246523

0 jabarkas the Sneak (level 1, 0/20 HPs)
             Began as a Palentonga Delver on Oct 5, 2020.
             Slain by a leopard gecko (4 damage)
             ... on level 3 of the Dungeon.
             The game lasted 00:01:02 (153 turns).

jabarkas the Sneak (Palentonga Delver)               Turns: 153, Time: 00:01:02

Health: 0/20       AC:  4    Str: 15    XL:     1   Next: 8%
Magic:  5/10       EV:  9    Int: 10    God:
Gold:   17         SH:  0    Dex: 11    Spells: 0/0 levels left

rFire    . . .     SeeInvis +   a - +0 hand axe
rCold    . . .     Faith    .   (no shield)
rNeg     . . .     Spirit   .   b - +0 leather armour
rPois    .         Reflect  .   (no helmet)
rElec    .         Harm     .   (no cloak)
rCorr    .         Rampage  .   (no gloves)
MR       .....                  (no barding)
Stlth    ++........             (no amulet)
HPRegen  0.06/turn              d - ring of magical power (curse)
MPRegen  0.12/turn              (no ring)

@: no status effects
A: large, rugged brown scales 3, see invisible, deformed body, roll, armoured
tail
a: Rolling Charge


You were on level 3 of the Dungeon.
You visited 1 branch of the dungeon, and saw 3 of its levels.

You collected 17 gold pieces.

Inventory:

Hand Weapons
 a - a +0 hand axe (weapon)
Armour
 b - a +0 leather armour (worn)
Jewellery
 d - a cursed ring of magical power (left hand)
Wands
 g - a wand of digging (3)
Scrolls
 c - a scroll of fog
 e - a scroll of fear
Potions
 f - a potion of haste


   Skills:
 + Level 3.0 Fighting
 * Level 2.0 Axes
 - Level 1.5 Dodging
 - Level 3.3 Stealth


You couldn't memorise any spells.
You didn't know any spells.
Your spell library was empty.

Dungeon Overview and Level Annotations

Branches:
Dungeon (5/15)             Temple (0/1) D:4

Altars:
The Shining One


Innate Abilities, Weirdness & Mutations

You are completely covered in rugged brown scales. (AC +3, +7% HP)
You have supernaturally acute eyesight. (SInv)
Armour fits poorly on your strangely shaped body.
You can roll at foes to attack.
You have a long armoured tail.


Message History

Your tail-slap misses the leopard gecko.
The leopard gecko is heavily wounded.
The leopard gecko closely misses you. The leopard gecko bites you.
You hit the leopard gecko.
The leopard gecko is severely wounded.
The leopard gecko barely misses you.
You completely miss the leopard gecko.
The leopard gecko is severely wounded.
The leopard gecko closely misses you. The leopard gecko bites you.
You hit the leopard gecko.
The leopard gecko is almost dead.
The leopard gecko bites you but does no damage.
You closely miss the leopard gecko.
The leopard gecko is almost dead.
The leopard gecko bites you. x2
* * * LOW HITPOINT WARNING * * *
You miss the leopard gecko.
The leopard gecko is almost dead.
The leopard gecko bites you.
You die...

#.######
#....@.#
###.l.#....#
#.... ....#
#...... ..##
.....#... ##
...... ####
.......
.....$.


You could see a leopard gecko.

Vanquished Creatures
  A jackal zombie (D:5)
1 creature vanquished.

Notes
Turn   | Place    | Note
-------+----------+-------------------------------------------
     0 | D:5      | jabarkas the Palentonga Delver began the quest for the Orb.
     0 | D:5      | Reached XP level 1. HP: 20/20 MP: 1/1
    49 | D:5      | Noticed a hound
    81 | D:5      | Found a glowing golden altar of the Shining One.
    91 | D:4      | Noticed a hound
    91 | D:4      | Noticed a howler monkey
    92 | D:4      | Noticed a worker ant
   122 | D:4      | Noticed an iguana
   153 | D:3      | Slain by a leopard gecko

Illustrated notes

Levels and vault maps discovered:
D:3:      layout_basic, nicolae_overflow_crystal_walls, fedhas_altar_2,
          lemuel_round_altar, uniq_crazy_yiuf_cottage, uniq_grinder
D:4:      layout_basic, marbit_many_paths, nicolae_overflow_hidden_temple,
          vehumet_crystals, minmay_temple_entry_ruins,
          cheibrodos_sewer_entry_bend
D:5:      layout_loops_ring, lemuel_crystal_altar, serial_shops, shop,
          solitary_fountain, tso_metal_star, uniq_eustachio

Action                   || total
-------------------------++-------
Melee: Hand axe          ||    14
       Tailslap          ||     2
 Abil: Rolling Charge    ||     1
  Use: Scroll            ||     1
Armor: Leather armour    ||     3
Dodge: Dodged            ||     9

Table legend: (Time is in decaauts)
 A = Elapsed time spent in this place.
 B = Non-inter-level travel time spent in this place.
 C = Inter-level travel time spent in this place.
 D = Time resting spent in this place.
 E = Time spent auto-exploring this place.
 F = Levels seen in this place.
 G = Mean time per level.
                   A        B        C        D        E       F      G
               +--------+--------+--------+--------+--------+-----+--------+
         Total |    154 |    154 |      0 |      0 |      0 |   3 |   51.3 |
       Dungeon |    154 |    154 |      0 |      0 |      0 |   3 |   51.3 |
               +--------+--------+--------+--------+--------+-----+--------+

Top non-repeatable levels by time:
     D:5: 91 daAuts
     D:4: 48 daAuts
     D:3: 15 daAuts
